Map: Orbital Shipyard

Players

PraiseTheSEB

  • Race: Zerg Zerg
  • League: Diamond

LilDicky - Winner!

  • Race: Terran Terran
  • League: Diamond

VOD

http://www.twitch.tv/tumescentpie

Description

Time

  • Played on: Nov. 24, 2015, 7:13 p.m.
  • Length: 9:27
Show
View Real Time Build Order
Export as new Build Order

PraiseTheSEB Zerg 

Build Orders: Hatch First 

Get SALT Encoding   

  12  0:00  Drone  
  13  0:09  Drone  
  14  0:18  Overlord  
  14  0:36  Drone x3  
  17  0:52  Hatchery  
  17  0:56  Drone  
  17  1:02  Extractor  
  17  1:03  Drone  
  17  1:19  Spawning Pool  
  16  1:27  Drone x2  
  18  1:33  Drone  
  19  1:41  Drone  
  20  1:55  Hatchery  
  19  2:06  Metabolic Boost  
  19  2:09  Queen  
  21  2:17  Drone x2  
  21  2:20  Drone  
  21  2:22  Drone  
  25  2:31  Queen  
  27  2:38  Overlord  
  27  2:59  Drone  
  27  3:00  Drone x5  
  33  3:13  Zergling x6  
  34  3:31  Zergling x2  
  34  3:32  Zergling x6  
  37  3:38  Zergling x2  
  37  3:39  Zergling x2  
  37  3:45  Overlord  
  37  3:47  Queen  
  37  3:58  Zergling x2  
  37  3:59  Zergling x6  
  41  4:06  Zergling x2  
  41  4:07  Zergling x4  
  41  4:22  Zergling x2  
  41  4:23  Zergling x8  
  38  4:32  Zergling x6  
  38  4:35  Roach Warren, Queen  
  38  4:36  Extractor  
  37  4:55  Queen  
  37  4:59  Zergling x16  
  43  5:10  Zergling x8  
  42  5:31  Roach x4  
  46  6:07  Drone x4  
  50  6:21  Overlord  
  50  6:22  Overlord x3  
  50  6:33  Lair  
  50  6:34  Spine Crawler  
  48  6:48  Drone x8  
  48  6:49  Drone x7  
  48  6:53  Overlord  
  63  6:59  Extractor  
  63  7:01  Drone  
  63  7:02  Drone x4  
  67  7:17  Spore Crawler  
  67  7:21  Spine Crawler  
  67  7:22  Roach  
  75  7:23  Roach x7  
  75  7:25  Spine Crawler  
  80  7:38  Baneling Nest  
  80  7:43  Extractor  
  78  7:52  Overlord  
  78  7:53  Overlord  
  78  8:20  Overseer  
  78  8:25  Spore Crawler  
  74  8:42  Roach x13  
  74  8:45  Overlord x2  
  74  8:46  Overlord x2  
  98  8:53  Spore Crawler  
  95  8:58  Drone  
  95  9:00  Baneling  
  95  9:01  Baneling x13  
  95  9:11  Hatchery  
Show
View Real Time Build Order
Export as new Build Order

LilDicky Terran - Winner!

Build Orders:  

Get SALT Encoding   

  12  0:02  SCV  
  13  0:14  SCV  
  13  0:19  Supply Depot  
  14  0:26  Refinery  
  14  0:29  SCV  
  15  0:41  SCV  
  16  0:46  Barracks  
  16  0:53  SCV  
  17  1:05  SCV  
  18  1:12  Barracks  
  18  1:17  SCV  
  19  1:31  SCV  
  20  1:34  Reaper  
  20  1:35  Supply Depot  
  21  1:43  Orbital Command  
  21  2:00  Barracks  
  21  2:01  Reaper  
  22  2:06  Reaper, Refinery  
  23  2:15  SCV  
  24  2:18  Supply Depot  
  24  2:27  SCV  
  25  2:33  Reaper  
  26  2:38  Reaper  
  27  2:47  Reaper  
  28  3:05  Marine  
  29  3:10  Reaper  
  30  3:19  Reaper  
  31  3:23  Reaper  
  32  3:42  Reaper  
  32  3:48  Supply Depot  
  33  3:51  Reaper  
  33  3:54  Command Center  
  33  3:55  Reaper  
  35  4:15  Reaper  
  36  4:23  Reaper  
  37  4:25  SCV  
  37  4:27  Reaper  
  38  4:37  Command Center, SCV  
  39  4:41  Factory  
  39  4:47  Reaper  
  39  4:49  SCV  
  39  5:01  SCV  
  36  5:14  Marine x2  
  36  5:15  SCV  
  38  5:41  Marine x3  
  41  5:42  Factory Tech Lab  
  41  5:45  SCV  
  41  5:46  Starport  
  40  5:58  Marine x2  
  39  6:05  Marine  
  39  6:06  Orbital Command  
  39  6:07  SCV  
  39  6:08  Orbital Command  
  39  6:16  Marine x2  
  41  6:19  SCV  
  41  6:20  Siege Tank  
  45  6:26  Supply Depot  
  45  6:31  SCV  
  46  6:39  Starport Tech Lab  
  46  6:42  SCV, Marine  
  46  6:44  Marine x2  
  46  6:45  SCV  
  51  6:48  SCV  
  51  6:52  Siege Tank  
  56  6:54  SCV  
  56  6:57  SCV  
  56  6:58  Banshee, Cloaking Field  
  56  7:00  SCV, Marine  
  62  7:07  SCV  
  65  7:14  Starport  
  65  7:15  Barracks Tech Lab x2  
  64  7:17  Marine  
  64  7:23  SCV x3  
  64  7:27  Refinery  
  64  7:29  Siege Tank, Refinery  
  70  7:35  SCV x2, Marine  
  70  7:37  Marine x2  
  73  7:38  SCV  
  73  7:42  Supply Depot  
  76  7:47  SCV  
  76  7:51  Supply Depot  
  77  7:53  Marine  
  77  7:54  Marine x2, Starport Reactor  
  77  7:55  Orbital Command  
  77  7:57  SCV, Supply Depot  
  81  8:11  Marine  
  81  8:12  Marine x2  
  84  8:29  Marine  
  84  8:30  Marine x2  
  87  8:47  Marine  
  87  8:48  Marine x2  
  90  9:04  Marine  
  90  9:06  Marine x2  
  90  9:08  SCV x2  
  100  9:23  Refinery  
Tags
 
Add a new tag
Caveats
  • Supply blocks, unpowered buildings, or Contaminate may cause inaccurate times.
  • Supply counts are checked every 10 seconds.